 Dungeon Crawl Stone Soup version 0.21-a0-264-g3e31e41 (webtiles) character file.

40 sagitran the Covered (level 3, -2/30 HPs)
             Began as a Barachi Fighter on Sept 8, 2017.
             Slain by a bullfrog (7 damage)
             ... on level 2 of the Dungeon.
             The game lasted 00:04:48 (797 turns).

sagitran the Covered (Barachi Fighter)               Turns: 797, Time: 00:04:48

Health: -2/30      AC:  7    Str: 18    XL:     3   Next: 50%
Magic:  3/3        EV:  9    Int:  8    God:
Gold:   73         SH:  6    Dex: 11    Spells: 2/2 levels left

rFire    . . .     SeeInvis .   a - +0 war axe
rCold    . . .     Gourm    .   j - +2 buckler
rNeg     . . .     Faith    .   b - +0 scale mail
rPois    .         Spirit   .   (no helmet)
rElec    .         Reflect  .   (no cloak)
rCorr    .         Harm     .   (no gloves)
MR       .....                  (no boots)
Stlth    ..........             (no amulet)
HPRegen  0.10/turn              (no ring)
MPRegen  0.08/turn              (no ring)

@: slow
A: +LOS, swims, slowness 1, strong legs 1
a: Hop


You were on level 2 of the Dungeon.
You were not hungry.

You visited 1 branch of the dungeon, and saw 3 of its levels.

You collected 73 gold pieces.

Inventory:

Hand Weapons
 a - a +0 war axe (weapon)
Armour
 b - a +0 scale mail (worn)
 c - a +0 shield
 j - a +2 buckler (worn)
Scrolls
 e - a scroll of remove curse {unknown}
 g - 3 scrolls of fear {unknown}
 h - a scroll of fog {unknown}
 l - a scroll of identify {unknown}
 m - a scroll of immolation {unknown}
 n - a scroll of enchant armour {unknown}
 o - 3 scrolls of teleportation {unknown}
Potions
 d - a potion of might
 k - 2 potions of flight {unknown}
Comestibles
 f - 4 bread rations
 i - a royal jelly
 p - 7 chunks of flesh
 q - a meat ration


   Skills:
 + Level 3.9 Fighting
 + Level 2.8 Axes
 + Level 4.3 Armour
 + Level 0.2 Dodging
 + Level 3.6 Shields


You had 2 spell levels left.
You didn't know any spells.

Dungeon Overview and Level Annotations

Branches:
Dungeon (3/15)

Altars:


Innate Abilities, Weirdness & Mutations

Shadows flee at your approach. (+LOS)
You can swim through water.
You cover ground slowly.
You can hop short distances.


Message History

You feel sick.
You see here an adder corpse.
You butcher the adder corpse.
You feel sick.
p - 8 chunks of flesh (gained 1)
You start resting.
You feel sick. x3
Some of the chunks of flesh in your inventory have rotted away.
You feel sick. x3
You are no longer poisoned.
You start resting.
A bullfrog comes into view.
The bullfrog croaks.
Found 4 gold pieces.
You see here a scroll labeled ELLA XUDWIX.
g - 3 scrolls labeled ELLA XUDWIX (gained 1)
You hit the bullfrog.
The bullfrog is lightly wounded.
The bullfrog hits you.
* * * LOW HITPOINT WARNING * * *
The bullfrog hits you!
You die...

# ....# #. #
..... #.#####.#
.....
......#.####
..... #
#......... ....[
#.. #....#....
.>... #...
#........ .....
#..$.##....#.#
.....
#......@.....#
.....
#....#..F##..###
#.... ###
###.......###
#####
####..#...######
#...####......#
....#.#
######.##
#####..# #...
..## #### .##
#...


You could see a bullfrog.

Vanquished Creatures
  An adder (D:2)
  3 oozes
  A leopard gecko (D:1)
  3 hobgoblins
  3 jackals (D:2)
  2 bats (D:1)
  A frilled lizard (D:2)
  A goblin (D:1)
  4 rats (D:1)
19 creatures vanquished.

Notes
Turn   | Place    | Note
-------+----------+-------------------------------------------
     0 | D:1      | sagitran the Barachi Fighter began the quest for the Orb.
     0 | D:1      | Reached XP level 1. HP: 18/18 MP: 1/1
    70 | D:1      | Reached XP level 2. HP: 25/25 MP: 2/2
   118 | D:1      | Reached skill level 4 in Armour
   680 | D:3      | Reached XP level 3. HP: 25/30 MP: 3/3
   789 | D:2      | Noticed a bullfrog
   797 | D:2      | Slain by a bullfrog

Vault maps used:
D:1:      ncdulo_smallfort, st_stairs_1
D:2:      cheibriados_altar_1, st_stairs_13
D:3:      wad_woods_tower, grunt_gozag_statues

Skill      XL: |  1  2 |
---------------+-------+-----
Armour         | 4 |  4.3
Fighting       | |  3.9
Axes           | |  2.8
Dodging        | |  0.2
Shields        | |  3.6

Action                   || total
-------------------------++-------
Melee: War axe           ||    93
Armor: Scale mail        ||    53
Dodge: Dodged            ||    48
Block: Shield            ||    29
       Buckler           ||    26

Table legend:
 A = Spawn XP
 B = Non-spawn XP
 C = Spawn XP percentage of total XP
 D = Spawn monster count
 E = Non-spawn monster count
 F = Spawn count percentage of total count
 G = Total turns spent on level
                    A         B        C        D         E        F      G
               +---------+---------+-------+---------+---------+-------+---------
         Total |       0 |      58 |   0.0 |       0 |      19 |   0.0 |   797
               +---------+---------+-------+---------+---------+-------+---------
           D:1 |       0 |      21 |   0.0 |       0 |      11 |   0.0 |   623
           D:2 |       0 |      23 |   0.0 |       0 |       6 |   0.0 |   162
           D:3 |       0 |      14 |   0.0 |       0 |       2 |   0.0 |    12
               +---------+---------+-------+---------+---------+-------+---------
